 Dungeon Sprint DCSS version 0.31-a0-204-g7da18cac08 (webtiles) character file.

Game seed: 3989975321477268610

105 rocky1 the Slasher (level 4, 0/35 HPs)
             Began as a Demonspawn Gladiator on June 28, 2023.
             Slain by a water elemental (18 damage)
             ... in the Dungeon (Sprint III: "The Ten Rune Challenge").
             The game lasted 00:01:57 (758 turns).

rocky1 the Slasher (Demonspawn Gladiator)            Turns: 758, Time: 00:01:58

Health: 0/35       AC:  5    Str: 14    XL:     4   Next: 54%
Magic:  4/4        EV: 14    Int:  9    God:
Gold:   25         SH:  0    Dex: 17    Spells: 3/3 levels left

rFire   . . .        a - +0 long sword
rCold   + + .        (no shield)
rNeg    . . .        g - +2 robe {rC+}
rPois   .            c - +0 helmet
rElec   .            (no cloak)
rCorr   .            (no gloves)
SInv    .            (no boots)
Will    .....        (no amulet)
Stlth   ++           (no ring)
HPRegen 0.25/turn    (no ring)
MPRegen 0.09/turn

%: no teleportation
@: engulfed (cannot breathe), hasted, very quick
A: foul stench 1, cold resistance 1, evolution 1
a: no special abilities


You were in the Dungeon.
You visited 1 branch You collected 25 gold pieces.

Inventory:

Hand Weapons
 a - a +0 long sword (weapon)
Missiles
 d - a throwing net (quivered)
 e - a javelin
Armour
 b - a +0 leather armour
 c - a +0 helmet (worn)
 g - a +2 robe of cold resistance (worn)
Scrolls
 k - a scroll of blinking
 n - a scroll of immolation {unknown}
 o - 3 scrolls of identify
 r - a scroll of torment {unknown}
Potions
 f - 2 potions of curing
 i - 2 potions of magic
 j - a potion of berserk rage
 l - a potion of ambrosia {unknown}
 m - 2 potions of mutation
 p - a potion of resistance {unknown}
 q - 2 potions of enlightenment {unknown}


   Skills:
 + Level 3.5 Fighting
 + Level 5.8 Long Blades
 + Level 3.4 Throwing
 + Level 5.2 Dodging
 + Level 2.0 Stealth


You had 3 spell levels left.
You didn't know any spells.
Your spell library was empty.

Dungeon Overview and Level Annotations

Branches:
Dungeon (1/1)

Altars:


Innate Abilities, Weirdness & Mutations

You may rarely emit foul miasma when damaged in melee.
Your flesh is cold resistant. (rC+)
You have hidden genetic potential.


Message History

The human is severely wounded.
The human hits you.
You hit the human.
The human is severely wounded.
The human hits you.
You barely miss the human.
The human is severely wounded.
You closely miss the human.
The human is severely wounded.
The human barely misses you.
You closely miss the human.
The human is severely wounded.
The human hits you.
You slash the human!
You kill the human!
Your Dodging skill increases to level 5!
Your Stealth skill increases to level 2!
d - a throwing net You feel better.
Unknown command.
You open the door.
A water elemental comes into view.
There is an open door to the Ecumenical Temple here.
You hit the water elemental.
The water elemental is lightly damaged.
The water elemental hits you.
The water elemental engulfs you in water!
You hit the water elemental.
The water elemental is moderately damaged.
Your lungs strain for air!
You hit the water elemental but do no damage.
The water elemental is moderately damaged.
Your lungs strain for air!
The water elemental barely misses you.
You hit the water elemental.
The water elemental is moderately damaged.
Your lungs strain for air!
The water elemental hits you!!
Ouch! That really hurt!
You die...

▓▓▓▓▓▓▓▓▓▓ ▓▓▓
.#..'....♣ ♣.#
.#..#....♣ ♣.#
'####....♣♣ ♣♣.#
....#....~♣♣♣♣..###+#+##
)...#...~~♣♣....#.......
....#..~~~~.♣.♣.@E⌠.....
###'#..~≈≈~~~♣..#...####
...†#.~~≈~~~....#.⌠.#
....#.~≈~~~.....#...#
....#.~~~.......#+###
#####...........#
................#
▓▓▓▓▓▓▓▓▓▓▓▓▓▓▓▓▓


You could see a water elemental.

Vanquished Creatures
  A scorpion (D)
  Jessica (D)
  A human (D)
  2 endoplasms (D)
  A rat (D)
6 creatures vanquished.

Notes
Turn   | Place    | Note
-------+----------+-------------------------------------------
     0 | D        | rocky1 the Demonspawn Gladiator began the quest for the
                  | Orb.
     0 | D        | Reached XP level 1. HP: 16/16 MP: 1/1
   223 | D        | Noticed Jessica
   230 | D        | Killed Jessica
   231 | D        | Gained mutation: You may rarely emit foul miasma when
                  | damaged in melee. [demonic ancestry]
   231 | D        | Reached XP level 2. HP: 23/23 MP: 2/2
   231 | D        | Reached XP level 3. HP: 28/28 MP: 3/3
   455 | D        | Noticed a scorpion
   468 | D        | Killed a scorpion
   469 | D        | Reached skill level 5 in Long Blades
   469 | D        | Reached skill level 1 in Stealth
   469 | D        | Reached XP level 4. HP: 18/35 MP: 4/4
   706 | D        | Gained mutation: You have hidden genetic potential. [potion
                  | of mutation]
   706 | D        | Gained mutation: Your flesh is cold resistant. (rC+)
                  | [potion of mutation]
   738 | D        | Reached skill level 5 in Dodging
   753 | D        | Noticed a water elemental
   758 | D        | Slain by a water elemental

Illustrated notes

Levels and vault maps discovered:
D:        dungeon_sprint_mu [sprint_mu_entry_forest, sprint_mu_temple_rooms,
          sprint_mu_d1_spiders, sprint_mu_d2_genie, sprint_mu_d3_branching,
          sprint_mu_orc_legion, sprint_mu_elf_gauntlet, sprint_mu_hive_nellie,
          sprint_mu_lair_fedhas, sprint_mu_vaults_butterflies,
          sprint_mu_slime_circle, sprint_mu_swamp_cave, sprint_mu_shoals_kraken,
          sprint_mu_blade_basic, sprint_mu_crypt_fortress,
          sprint_mu_tomb_spiral, sprint_mu_vestibule_basic,
          sprint_mu_gehenna_hellfire, sprint_mu_dis_giant,
          sprint_mu_tartarus_statrot, sprint_mu_cocytus_islands, sprint_mu_zot1]

Skill      XL: |  1  2  3  4 |
---------------+-------------+-----
Long Blades    | 4 5 |  5.8
Dodging        | 4 5 |  5.2
Throwing       | 2 3 |  3.4
Fighting       | 3 |  3.5
Stealth        | 1 2 |  2.0

Action                     |  1- 3 |  4- 6 || total
---------------------------+-------+-------++-------
  Melee: Long sword        |    22 |    15 ||    37
         Punch             |     1 |       ||     1
  Throw: Throwing net      |     5 |     1 ||     6
    Use: Potion            |     1 |     3 ||     4
   Stab: Held in net/web   |     2 |       ||     2
 Armour: Leather armour    |     6 |       ||     6
         Robe              |     3 |     1 ||     4
  Dodge: Dodged            |     7 |     5 ||    12

Table legend: (Time is in decaauts)
 A = Elapsed time spent in this place.
 B = Non-inter-level travel time spent in this place.
 C = Inter-level travel time spent in this place.
 D = Time resting spent in this place.
 E = Time spent auto-exploring this place.
 F = Levels seen in this place.
 G = Mean time per level.
                   A        B        C        D        E       F      G
               +--------+--------+--------+--------+--------+-----+--------+
         Total |    752 |    752 |      0 |    599 |      4 |   1 |  752.0 |
       Dungeon |    752 |    752 |      0 |    599 |      4 |   1 |  752.0 |
               +--------+--------+--------+--------+--------+-----+--------+

Top non-repeatable levels by time:
       D: 752 daAuts
